 Dungeon Crawl Stone Soup version 0.29-a0-92-gee772dd00f (webtiles) character file.

Game seed: 16577993308265963313

885 drugrobin the Poker (level 7, -2/53 HPs)
             Began as a Demigod Warper on Feb 10, 2022.
             Slain by Maggie (3 damage)
             ... while paralysed by Maggie
             ... on level 5 of the Dungeon.
             The game lasted 00:17:55 (6395 turns).

drugrobin the Poker (Demigod Warper)                Turns: 6395, Time: 00:17:56

Health: -2/53      AC: 11    Str: 16    XL:     7   Next: 47%
Magic:  12/12      EV:  2    Int: 15    God:
Gold:   270        SH:  0    Dex: 17    Spells: 7/9 levels left

rFire   . . .      SeeInvis .   x - +2 dagger (venom)
rCold   . . .      Faith    +   k - +0 buckler
rNeg    + . .      Spirit   .   D - +2 leather armour {rN+}
rPois   .          Reflect  .   (no helmet)
rElec   .          Harm     .   z - +0 cloak
rCorr   .          Rampage  .   (no gloves)
Will    .....                   h - +0 pair of boots
Stlth   +.........              r - amulet "Iptu Culess" {Faith +Inv}
HPRegen 0.17/turn               F - +4 ring of protection
MPRegen 0.13/turn               (no ring)

@: paralysed, mighty
A: high MP 1, forlorn, divine attributes
a: Evoke Invisibility


You were on level 5 of the Dungeon.
You visited 1 branch of the dungeon, and saw 6 of its levels.

You collected 270 gold pieces.

Inventory:

Hand Weapons
 a - a +0 trident
 b - a +0 hand crossbow
 p - a +0 spear
 x - a +2 dagger of venom (weapon)
 y - a +0 hunting sling
 E - a +2 spectral quarterstaff
Missiles
 d - 5 boomerangs of dispersal
 e - 89 bolts
 i - 9 poisoned darts (quivered)
 n - 161 stones
 o - 52 sling bullets
Armour
 h - a +0 pair of boots (worn)
 k - a +0 buckler (worn)
 m - a +0 leather armour
 s - an orb of wrath
 z - a +0 cloak (worn)
 D - a +2 leather armour of positive energy (worn)
Jewellery
 r - the amulet "Iptu Culess" (around neck) {Faith +Inv}
   (You found it on level 3 of the Dungeon)

   [amulet of faith]

   It allows you to gain divine favour quickly.
   +Inv:      It lets you turn invisible.
 F - a +4 ring of protection (left hand)
Wands
 c - a wand of acid (1)
Scrolls
 g - 2 scrolls of immolation {unknown}
 j - a scroll of amnesia {unknown}
 l - a scroll of magic mapping {unknown}
 w - a scroll of brand weapon {unknown}
 B - a scroll of teleportation {unknown}
 G - a scroll of enchant armour {unknown}
 H - a scroll of noise {unknown}
Potions
 t - a potion of haste
 u - a potion of ambrosia
 v - 2 potions of curing


   Skills:
 - Level 1.7 Fighting
 + Level 7.9 Polearms
 - Level 0.8 Throwing
 - Level 0.8 Armour
 - Level 1.7 Dodging
 - Level 1.7 Spellcasting
 - Level 2.6 Translocations
 + Level 2.1 Evocations


You had 7 spell levels left.
You knew the following spells:

 Your Spells              Type           Power      Damage    Failure   Level
a - Blink                 Tloc           18%        N/A       19%         2

Your spell library contained the following spells:

 Spells                   Type           Power      Damage    Failure   Level
 Sandblast                Erth           2%         2d4       36%         1
 Gell's Gravitas          Tloc           9%         N/A       36%         3
 Lesser Beckoning         Tloc           9%         N/A       36%         3
 Teleport Other           Tloc           9%         N/A       36%         3
 Passwall                 Tmut/Erth      0%         N/A       50%         2
 Stone Arrow              Conj/Erth      2%         3d7       75%         3
 Tukima's Dance           Hex            1%         N/A       75%         3
 Anguish                  Hex/Necr       0%         N/A       98%         4
 Manifold Assault         Tloc           9%         N/A       98%         5
 Enfeeble                 Hex            0%         N/A       100%        7


Dungeon Overview and Level Annotations

Branches:
Dungeon (6/15)             Temple (0/1) D:4

Shops:
D:5 (

Annotations:
D:3 exclusion: 3 doors
D:5 1 transporter, Maggie; Sigmund; killozap's ghost, novice MiFi


Innate Abilities, Weirdness & Mutations

You have an increased reservoir of magic. (+10% MP)
You shall have no god before yourself.
Your divine heritage dramatically boosts your attributes as you level up.


Message History

Unknown command.
You feel very mighty all of a sudden.
Maggie zaps a wand.
You easily resist.
Unknown command.
Unknown command.
You hit Maggie but do no damage.
Maggie is lightly wounded.
Maggie hits you with a +1 war axe of flaming.
Maggie burns you.
You puncture Maggie!
Maggie is lightly wounded.
Maggie misses you.
You hit Maggie.
Maggie is moderately wounded.
Maggie hits you but does no damage.
You hit Maggie.
Maggie is poisoned.
Maggie is moderately wounded.
Maggie completely misses you.
You hit Maggie but do no damage.
Maggie is moderately wounded.
Maggie barely misses you.
Maggie zaps a wand.
You easily resist.
You puncture Maggie!
Maggie is heavily wounded.
Maggie hits you with a +1 war axe of flaming.
Maggie burns you.
You hit Maggie.
Maggie is heavily wounded.
Maggie zaps a wand.
You suddenly lose the ability to move!
Maggie points at you and mumbles some strange words.
The bolt of fire hits you! Maggie hits you but does no damage.
You break out of your daze.
Maggie hits you with a +1 war axe of flaming!
* * * LOW HITPOINT WARNING * * *
Maggie burns you.
* * * LOW HITPOINT WARNING * * *
Maggie hits you with a +1 war axe of flaming!
* * * LOW HITPOINT WARNING * * *
Maggie burns you.
You die...

##################
...............@@#
####.#########.###
.......# #...#
....[..# ###.#
.......# #.#
.......# #.#
.......# #.######
.......#
###......#
.......#
#......#.#


You could see Maggie (poisoned).

Vanquished Creatures
  Duvessa (D:4)
  2 ogres
  A bullfrog (D:5)
  2 scorpions
  Dowan (D:4)
  A water moccasin skeleton (D:5)
  A howler monkey (D:3)
  A centaur skeleton (D:5)
  A jelly (D:4)
  2 iguanas
  3 gnolls (D:3)
  7 adders
  An adder skeleton (D:4)
  3 dart slugs
  2 orcs (D:3)
  8 ball pythons
  11 bats
  7 endoplasms
  4 giant cockroaches
  5 goblins
  4 hobgoblins
  2 jackals (D:1)
  6 kobolds
  5 quokkas
  12 frilled lizards
  A jackal skeleton (D:3)
  8 rats
102 creatures vanquished.

Notes
Turn   | Place    | Note
-------+----------+-------------------------------------------
     0 | D:1      | drugrobin the Demigod Warper began the quest for the Orb.
     0 | D:1      | Reached XP level 1. HP: 17/17 MP: 5/5
    48 | D:1      | Reached skill level 2 in Polearms
   810 | D:1      | Reached XP level 2. HP: 23/24 MP: 7/7
   896 | D:1      | Learned a level 2 spell: Blink
  1256 | D:1      | Reached skill level 3 in Polearms
  1487 | D:2      | Reached XP level 3. HP: 26/29 MP: 8/8
  2752 | D:3      | Reached skill level 4 in Polearms
  2776 | D:3      | Identified the amulet "Iptu Culess" {Faith +Inv}
  3247 | D:3      | Reached XP level 4. HP: 20/34 MP: 9/9
  3531 | D:3      | Noticed an ogre
  3554 | D:3      | Killed an ogre
  3555 | D:3      | Reached skill level 5 in Polearms
  3555 | D:3      | Reached XP level 5. HP: 31/41 MP: 10/10
  4615 | D:4      | Reached skill level 6 in Polearms
  4615 | D:4      | Reached XP level 6. HP: 48/48 MP: 11/11
  5002 | D:4      | Noticed Dowan
  5013 | D:4      | Noticed Duvessa
  5058 | D:4      | Killed Duvessa
  5059 | D:4      | Reached skill level 7 in Polearms
  5059 | D:5      | Entered Level 5 of the Dungeon
  5375 | D:5      | Reached XP level 7. HP: 47/53 MP: 12/12
  5418 | D:5      | Found Pagyn's Antique Weapon Boutique.
  5606 | D:5      | Reached skill level 1 in Evocations
  5635 | D:5      | Noticed Sigmund
  5644 | D:5      | Found a transporter.
  5644 | D:5      | Noticed killozap's ghost (novice MiFi)
  5847 | D:4      | Killed Dowan
  6134 | D:4      | Found a staircase to the Ecumenical Temple.
  6372 | D:6      | Noticed Maggie
  6378 | D:5      | Paralysed by Maggie for 5 turns
  6391 | D:5      | Paralysed by Maggie for 6 turns
  6395 | D:5      | HP: 1/53 [Maggie (8)]
  6395 | D:5      | Slain by Maggie

Illustrated notes

Levels and vault maps discovered:
D:1:      dpeg_arrival_rooms_c, layout_basic, minmay_3d_cube
D:2:      layout_basic, minmay_misc_feat_tower, minmay_lizard_pond
D:3:      minmay_bubble_buster, layout_rooms
D:4:      layout_basic, minmay_temple_entry_water_ring, serial_rivers,
          chequers_serial_rivers_small_b, chequers_serial_rivers_room_b,
          chequers_serial_rivers_small_a, chequers_serial_rivers_micro_c,
          chequers_serial_rivers_micro_a, uniq_duvessa
D:5:      layout_basic, gammafunk_ghost_mausoleum, serial_shops, shop,
          uniq_sigmund
D:6:      layout_cave_pools, uniq_maggie, uniq_menkaure

Skill      XL: |  1  2  3  4  5  6  7 |
---------------+----------------------+-----
Polearms       | 2 3 4 5 6 7 |  7.9
Evocations     | 2 |  2.1
Fighting       | |  1.7
Throwing       | |  0.8
Armour         | |  0.8
Dodging        | |  1.7
Spellcasting   | |  1.7
Translocations | |  2.6

Action                   |  1- 3 |  4- 6 |  7- 9 || total
-------------------------+-------+-------+-------++-------
Melee: Spear             |   205 |   105 |       ||   310
       Punch             |     2 |       |       ||     2
       Trident           |       |    59 |    26 ||    85
       Dagger            |       |     9 |    15 ||    24
 Fire: Hunting sling     |     2 |    22 |       ||    24
       Hand crossbow     |       |    15 |     6 ||    21
Throw: Dart              |     3 |     2 |       ||     5
       Stone             |       |     1 |       ||     1
Evoke: Wand              |       |       |     1 ||     1
  Use: Potion            |     2 |       |     2 ||     4
       Scroll            |     1 |       |     5 ||     6
 Stab: Sleeping          |       |     1 |       ||     1
Armor: Leather armour    |    61 |    38 |    22 ||   121
Dodge: Dodged            |   107 |    62 |    24 ||   193
Block: Buckler           |    15 |    29 |    10 ||    54

Table legend: (Time is in decaauts)
 A = Elapsed time spent in this place.
 B = Non-inter-level travel time spent in this place.
 C = Inter-level travel time spent in this place.
 D = Time resting spent in this place.
 E = Time spent auto-exploring this place.
 F = Levels seen in this place.
 G = Mean time per level.
                   A        B        C        D        E       F      G
               +--------+--------+--------+--------+--------+-----+--------+
         Total |   6376 |   6142 |    234 |   1814 |   3002 |   6 | 1062.7 |
       Dungeon |   6376 |   6142 |    234 |   1814 |   3002 |   6 | 1062.7 |
               +--------+--------+--------+--------+--------+-----+--------+

Top non-repeatable levels by time:
     D:2: 1776 daAuts
     D:1: 1392 daAuts
     D:3: 1264 daAuts
     D:4: 1232 daAuts
     D:5: 708 daAuts
     D:6: 1 daAuts
